 Dungeon Sprint DCSS version 0.17-a0-1399-gd5b76e1 (webtiles) character file.

115 Kidiri the Covert (level 4, -5/21 HPs)
             Began as a Spriggan Enchanter on June 19, 2015.
             Was a Follower of Dithmenos.
             Slain by a guardian mummy (17 damage)
             ... in the Dungeon (Sprint V: "Ziggurat Sprint").
             The game lasted 00:04:28 (149 turns).

Kidiri the Covert (Spriggan Enchanter)               Turns: 149, Time: 00:04:28

Health: -5/21      AC:  3    Str:  2    XL:     4   Next: 68%
Magic:  11/12      EV: 24    Int: 22    God:    Dithmenos [*.....]
Gold:   0          SH: 10    Dex: 31    Spells: 5 memorised, 1 level left

rFire  . . .     SeeInvis +     a - +10 short sword "Wishet" {elec, rElec Str-2 Dex+8}
rCold  . . .     Clarity  .     b - +1 robe
rNeg   . . .     SustAt   .     J - +3 buckler
rPois  .         Gourm    .     (helmet restricted)
rElec  +         Spirit   .     (no cloak)
rCorr  .         Warding  .     (gloves unavailable)
rMut   .         NoTele   +     (boots unavailable)
MR     .....                    (no amulet)
Stlth  ++++++++..               C - +6 ring of dexterity
                                E - +6 ring of intelligence

@: wreathed by umbra, very quick, not resistant to hostile enchantments,
extraordinarily stealthy
A: unfitting armour, see invisible, herbivore 3, speed 3, slow metabolism 2
a: Renounce Religion


You were in the Dungeon.
You worshipped Dithmenos.
Dithmenos was aware of your devotion.
You were not hungry.

You visited 1 branch

Inventory:

Hand weapons
 a - the +10 short sword "Wishet" (weapon) {elec, rElec Str-2 Dex+8}
   (You found it in the Dungeon)

   Occasionally, upon striking a foe, it will discharge some electrical energy
   and cause terrible harm.
   It affects your strength (-2).
   It affects your dexterity (+8).
   It insulates you from electricity.
 I - a +5 quick blade
Armour
 b - a +1 robe (worn)
 J - a +3 buckler (worn)
Jewellery
 C - a +6 ring of dexterity (right hand)
 D - a +6 ring of dexterity
 E - a +6 ring of intelligence (left hand)
 F - a +6 ring of intelligence
Magical devices
 y - a wand of disintegration (7)
 A - a wand of cold (5)
 B - a wand of draining (5)
Scrolls
 j - 4 scrolls of blinking
 q - 4 scrolls of amnesia
 r - 3 scrolls of recharging
 s - 7 scrolls of fog
 t - a scroll of holy word
 u - 5 scrolls of identify
 v - 5 scrolls of remove curse
 w - 2 scrolls of fear
Potions
 e - 10 potions of curing
 f - 10 potions of heal wounds
 g - 6 potions of haste
 h - 7 potions of magic
 i - 3 potions of berserk rage
 k - 2 potions of brilliance
 l - 2 potions of invisibility
 m - 4 potions of resistance
 o - 5 potions of agility
 p - 5 potions of might
Books
 c - a book of Maledictions

   Spells                             Type                      Level
   a - Corona                         Hexes                        1
   b - Ensorcelled Hibernation        Hexes/Ice                    2
   c - Confuse                        Hexes                        3
   d - Tukima's Dance                 Hexes                        3
   e - Dazzling Spray                 Conjuration/Hexes            3
Comestibles
 d - 5 bread rations
 x - 42 fruits


   Skills:
 + Level 2.7 Short Blades
 * Level 5.8 Dodging
 * Level 13.0 Stealth
 * Level 5.0 Spellcasting
 * Level 0.3 Conjurations
 + Level 4.7 Hexes
 + Level 0.1 Ice Magic
 + Level 2.1 Invocations


You had one spell level left.
You knew the following spells:

 Your Spells              Type           Power        Failure   Level  Hunger
a - Corona                Hex            ####...      2%          1    None
b - Ensorcelled Hibernat  Hex/Ice        ###...       12%         2    None
c - Confuse               Hex            ####....     10%         3    ##.....
d - Tukima's Dance        Hex            ####....     10%         3    ##.....
e - Dazzling Spray        Conj/Hex       ###.....     21%         3    ##.....


Dungeon Overview and Level Annotations

Branches:
Dungeon (1/1)

Altars:
Ashenzari
Cheibriados
Dithmenos
Elyvilon
Fedhas
Gozag
Kikubaaqudgha
Makhleb
Nemelex Xobeh
Okawaru
Qazlal
Ru
Sif Muna
Trog
Vehumet
Xom
Yredelemnul
Zin
The Shining One
Beogh
Jiyva
Lugonu


Innate Abilities, Weirdness & Mutations

You are tiny and cannot use many weapons and most armour.
You have supernaturally acute eyesight.
You are a herbivore.
You cover ground extremely quickly.
You need consume almost no food.


Message History

Magic restored.
Your surroundings seem different!
Welcome to arena 2.
A mummy, a guardian mummy and a mummy priest come into view.
Found a book of Ice, a fan of gales and an uncursed amulet of regeneration.
Use which ability? (? or * to list)
You can't do that.
Unknown command.
You hit the mummy.
There is a sudden explosion of sparks!
You destroy the mummy!
Dithmenos accepts your kill.
You are shrouded in an aura of darkness!
Your Stealth skill increases to level 13!
Your Spellcasting skill increases to level 5!
Unknown command.
You hit the guardian mummy.
The guardian mummy is lightly damaged.
The mummy priest calls on the powers of darkness!
Your body is wracked with pain!
The guardian mummy hits you!
Ouch! That really hurt!
You die...

▓▓▓▓▓▓▓▓▓▓▓▓▓
▓.8©8.▓.8©8.▓
▓.":}.▓.....▓
▓.MM..▓.).).▓
▓..@..▓.....▓
▓.....▓.....▓
▓.....▓.....▓
▓.....▓▓▓▓▓▓▓
▓▓▓▓▓▓▓


You could see a mummy priest and a guardian mummy.

Vanquished Creatures
  2 wights (D)
  A mummy (D)
3 creatures vanquished.

Notes
Turn   | Place    | Note
--------------------------------------------------------------
     0 | D        | Kidiri the Spriggan Enchanter began the quest for the Orb.
     0 | D        | Reached XP level 1. HP: 9/9 MP: 5/5
     0 | D        | Found a roughly hewn altar of Beogh.
     0 | D        | Found a viscous altar of Jiyva.
     0 | D        | Found a corrupted altar of Lugonu.
     0 | D        | Found a white marble altar of Elyvilon.
     0 | D        | Found a sparkling altar of Nemelex Xobeh.
     1 | D        | Found a burning altar of Makhleb.
     1 | D        | Found an iron altar of Okawaru.
     1 | D        | Found a deep blue altar of Sif Muna.
     1 | D        | Found a radiant altar of Vehumet.
     1 | D        | Found a bloodstained altar of Trog.
     1 | D        | Found a shimmering altar of Xom.
    73 | D        | Became a worshipper of Dithmenos the Shadowed
    82 | D        | Reached skill level 12 in Stealth
    82 | D        | Reached XP level 2. HP: 13/13 MP: 6/6
    86 | D        | Learned a level 2 spell: Ensorcelled Hibernation
    91 | D        | Entered arena 1.
    91 | D        | Noticed a wight
    91 | D        | Noticed a wight
    94 | D        | Killed a wight
    94 | D        | Reached skill level 1 in Invocations
    94 | D        | Reached XP level 3. HP: 16/16 MP: 7/9
   103 | D        | Killed a wight
   103 | D        | Reached skill level 5 in Dodging
   103 | D        | Reached XP level 4. HP: 21/21 MP: 6/11
   108 | D        | Learned a level 3 spell: Confuse
   112 | D        | Learned a level 3 spell: Tukima's Dance
   116 | D        | Learned a level 3 spell: Dazzling Spray
   118 | D        | Got the +10 short sword "Wishet" {elec, rElec Str-2 Dex+8}
   144 | D        | Entered arena 2.
   144 | D        | Noticed a mummy priest
   144 | D        | Noticed a guardian mummy
   148 | D        | Reached skill level 13 in Stealth
   148 | D        | Reached skill level 5 in Spellcasting
   149 | D        | Slain by a guardian mummy

Vault maps used:
D:        sprint_v

Action                   |  1- 3 |  4- 6 || total
-------------------------+-------+-------++-------
Melee: Quick blade       |     9 |       ||     9
       Short sword       |       |     2 ||     2
 Cast: Corona            |     1 |       ||     1
  Use: Potion            |     1 |       ||     1
 Stab: Sleeping          |     1 |       ||     1
